 Dungeon Sprint DCSS version 0.31-a0-700-gf13585253f (webtiles) character file.

Game seed: 8555995645039831728

1235 sircluck the Grappler (level 8, -5/92 HPs)
             Began as a Troll Berserker on Sept 7, 2023.
             Was an Elder of Trog.
             Slain by Sonja
             ... wielding a +0 short sword of distortion
              (10 damage)
             ... in the Dungeon (Sprint I: "Red Sonja").
             The game lasted 00:02:20 (265 turns).

sircluck the Grappler (Troll Berserker)              Turns: 265, Time: 00:02:21

Health: -5/92      AC:  6    Str: 28    XL:     8   Next: 24%
Magic:  7/7        EV: 12    Int:  3    God:    Trog [****..]
Gold:   432        SH:  0    Dex:  9    Spells: 7/7 levels left

rFire   . .          .
                       - Unarmed
rCold   . . .        (no shield)
rNeg    + . .        j - +2 robe {rN+}
rPois   .            (helmet restricted)
rElec   .            (no cloak)
rCorr   .            (gloves unavailable)
SInv    .            (boots unavailable)
Will    .....        (no amulet)
Stlth   +            (no ring)
HPRegen 1.15/turn    (no ring)
MPRegen 0.10/turn

%: no teleportation
@: on berserk cooldown, slowed, very slow
A: large, unfitting armour, claws 3, regeneration 1, shaggy fur 1, tough skin 1
a: Renounce Religion, Berserk, Trog's Hand, Brothers in Arms


You were in the Dungeon.
You worshipped Trog.
Trog was greatly pleased with you.
You visited 1 branch You collected 432 gold pieces.

Inventory:

Armour
 a - a +0 animal skin
 j - a +2 robe of positive energy (worn)
Wands
 h - a wand of acid (1)
 i - a wand of polymorph (14)
Scrolls
 g - a scroll of blinking
Potions
 b - a potion of curing
 c - a potion of heal wounds
 d - a potion of haste
 e - 2 potions of magic
 f - a potion of berserk rage


   Skills:
 + Level 9.4 Fighting
 + Level 9.3 Dodging
 + Level 11.0 Unarmed Combat


You had 7 spell levels left.
You didn't know any spells.
Your spell library was empty.

Dungeon Overview and Level Annotations

Branches:
Dungeon (1/1)

Altars:
Cheibriados
Dithmenos
Elyvilon
Fedhas
Gozag
Hepliaklqana
Kikubaaqudgha
Makhleb
Nemelex Xobeh
Okawaru
Qazlal
Ru
Sif Muna
Trog
Uskayaw
Vehumet
Wu Jian
Xom
Yredelemnul
Zin
The Shining One
Jiyva
Lugonu

Shops:
D =

Annotations:
D Sonja


Innate Abilities, Weirdness & Mutations

You are too large for most types of armour.
You have claws for hands.
Your natural rate of healing is unusually fast.
You are covered in fur. (AC +1)
You have tough skin. (AC +1)


Message History

Sonja blinks!
You feel a strong urge to attack something.
Sonja throws a curare-tipped dart.
The curare-tipped dart barely misses you.
There is an open door, spattered with blood here.
You are no longer berserk.
You are exhausted.
You feel as though you will be slow longer.
Sonja hits you with a +0 short sword of distortion.
Sonja hits you but does no damage.
Sonja hits you with a +0 short sword of distortion. x4
Space warps around you.
There is a radiant altar of Vehumet, spattered with blood here.
You completely miss Sonja.
Sonja hits you with a +0 short sword of distortion.
Sonja barely misses you.
Sonja hits you with a +0 short sword of distortion.
You are too injured to fight recklessly!
You are too injured to fight recklessly!
You are too injured to fight recklessly!
You are too injured to fight recklessly!
You are too injured to fight recklessly!
You are too injured to fight recklessly!
You are too injured to fight recklessly!
You are too injured to fight recklessly!
You are too injured to fight recklessly!
You mangle Sonja!!
Sonja is almost dead.
Sonja hits you with a +0 short sword of distortion.
Space warps around you.
Sonja hits you with a +0 short sword of distortion.
Sonja hits you but does no damage. Space warps horribly around you!!
* * * LOW HITPOINT WARNING * * *
Sonja hits you with a +0 short sword of distortion.
* * * LOW HITPOINT WARNING * * *
Sonja misses you.
Sonja hits you with a +0 short sword of distortion.
* * * LOW HITPOINT WARNING * * *
Space warps horribly around you!
You die...

##########################
#<.#..)..#.)'..#__#..'.).#
#..').#..'..#..'..'..#)..#
#..#####'#####'#__####...+
#..####..#...#.#### #####
#..#__####..##.#
#..#_____##'#_.+
#⌠⌠#_.∩...K..._#
####_..__##@.#'#
#_____###'#[# #######
#.### +..$+ #$.$# ##.##
#+#


You could see Sonja.

Vanquished Creatures
  2 kobold demonologists (D)
  Sigmund (D)
  A slime creature (D)
  A yak (D)
  A floating eye (D)
  An ogre (D)
  A jelly (D)
  Ijyb (D)
9 creatures vanquished.

Notes
Turn   | Place    | Note
-------+----------+-------------------------------------------
     0 | D        | sircluck the Troll Berserker began the quest for the Orb.
     0 | D        | Reached XP level 1. HP: 22/22 MP: 0/0
     1 | D        | Noticed Ijyb
     9 | D        | Killed Ijyb
    10 | D        | Reached skill level 4 in Unarmed Combat
    10 | D        | Reached XP level 2. HP: 27/32 MP: 1/1
    15 | D        | Noticed an ogre
    18 | D        | Killed an ogre
    19 | D        | Reached skill level 5 in Fighting
    19 | D        | Reached skill level 5 in Dodging
    19 | D        | Reached skill level 6 in Unarmed Combat
    19 | D        | Reached XP level 3. HP: 42/42 MP: 2/2
    19 | D        | Reached XP level 4. HP: 50/50 MP: 3/3
    32 | D        | Noticed Sigmund
    71 | D        | Killed Sigmund
    71 | D        | Reached ** piety under Trog
    72 | D        | Reached skill level 7 in Unarmed Combat
    72 | D        | Reached XP level 5. HP: 53/61 MP: 4/4
    72 | D        | Reached XP level 6. HP: 59/68 MP: 5/5
    87 | D        | Found a burning altar of Makhleb.
    87 | D        | Found a viscous altar of Jiyva.
    87 | D        | Found a shimmering altar of Xom.
    87 | D        | Found a corrupted altar of Lugonu.
    87 | D        | Noticed a slime creature
    93 | D        | Killed a slime creature
    94 | D        | Reached skill level 8 in Unarmed Combat
    96 | D        | Found an ornate altar of the Wu Jian Council.
    96 | D        | Found a shimmering blue altar of Sif Muna.
    98 | D        | Found a radiant altar of Vehumet.
   101 | D        | Reached skill level 9 in Unarmed Combat
   124 | D        | Found Plog's Jewellery Emporium.
   124 | D        | Found an ancient bone altar of Kikubaaqudgha.
   124 | D        | Found a hazy altar of Hepliaklqana.
   124 | D        | Found a hide-covered altar of Uskayaw.
   124 | D        | Found a basalt altar of Yredelemnul.
   124 | D        | Found an opulent altar of Gozag.
   124 | D        | Found a snail-covered altar of Cheibriados.
   124 | D        | Found a sacrificial altar of Ru.
   124 | D        | Found a shadowy altar of Dithmenos.
   124 | D        | Noticed a yak
   130 | D        | Killed a yak
   130 | D        | Reached *** piety under Trog
   131 | D        | Reached XP level 7. HP: 53/80 MP: 6/6
   131 | D        | Found a stormy altar of Qazlal.
   131 | D        | Found a blossoming altar of Fedhas.
   131 | D        | Found a bloodstained altar of Trog.
   131 | D        | Found an iron altar of Okawaru.
   131 | D        | Found a glowing golden altar of the Shining One.
   131 | D        | Found a glowing silver altar of Zin.
   131 | D        | Found a white marble altar of Elyvilon.
   132 | D        | Found a sparkling altar of Nemelex Xobeh.
   160 | D        | Noticed a kobold demonologist
   160 | D        | Noticed a kobold demonologist
   162 | D        | Noticed a soul eater
   162 | D        | Paralysed by a floating eye for 4 turns
   170 | D        | Noticed a hellwing
   171 | D        | Noticed a rust devil
   176 | D        | Killed a kobold demonologist
   177 | D        | Reached skill level 10 in Unarmed Combat
   180 | D        | Noticed an orange demon
   180 | D        | Killed a kobold demonologist
   180 | D        | Reached **** piety under Trog
   181 | D        | Reached skill level 11 in Unarmed Combat
   181 | D        | Reached XP level 8. HP: 7/92 MP: 7/7
   255 | D        | Noticed Sonja
   265 | D        | Slain by Sonja

Illustrated notes

Levels and vault maps discovered:
D:        dungeon_sprint_1 [red_sonja_temple_1, red_sonja_temple_small_1]

Skill      XL: |  1  2  3  4  5  6  7 |
---------------+----------------------+-----
Fighting       | 3 5 6 8 9 |  9.4
Dodging        | 3 5 6 7 9 |  9.3
Unarmed Combat | 4 6 7 9 11 | 11.0

Action                     |  1- 3 |  4- 6 |  7- 9 || total
---------------------------+-------+-------+-------++-------
  Melee: Unarmed           |     9 |    41 |    15 ||    65
         Punch             |       |       |     1 ||     1
 Invoke: Berserk           |       |       |     1 ||     1
  Evoke: Wand              |     1 |     2 |     4 ||     7
 Armour: Animal skin       |     4 |     8 |    20 ||    32
         Skin              |       |     6 |       ||     6
         Robe              |       |       |    16 ||    16
  Dodge: Dodged            |     3 |    14 |    16 ||    33

Table legend: (Time is in decaauts)
 A = Elapsed time spent in this place.
 B = Non-inter-level travel time spent in this place.
 C = Inter-level travel time spent in this place.
 D = Time resting spent in this place.
 E = Time spent auto-exploring this place.
 F = Levels seen in this place.
 G = Mean time per level.
                   A        B        C        D        E       F      G
               +--------+--------+--------+--------+--------+-----+--------+
         Total |    258 |    231 |     27 |     35 |     11 |   1 |  258.0 |
       Dungeon |    258 |    231 |     27 |     35 |     11 |   1 |  258.0 |
               +--------+--------+--------+--------+--------+-----+--------+

Top non-repeatable levels by time:
       D: 258 daAuts
